 Dungeon Crawl Stone Soup version 0.23.0-33-g5e6c059 (webtiles) character file.

Game seed: 2245858903983445616

51 Fang the Skirmisher (level 3, -1/36 HPs)
             Began as a Gargoyle Berserker on Feb 26, 2019.
             Was a Follower of Trog.
             Slain by an adder (3 damage)
             ... on level 3 of the Dungeon.
             The game lasted 00:01:35 (1587 turns).

Fang the Skirmisher (Gargoyle Berserker)            Turns: 1587, Time: 00:01:35

Health: -1/36      AC:  5    Str: 26    XL:     3   Next: 81%
Magic:  3/3        EV: 12    Int:  7    God:    Trog [*.....]
Gold:   47         SH:  0    Dex: 12    Spells: 2/2 levels left

rFire    . . .     SeeInvis .   a - +0 hand axe
rCold    . . .     Gourm    .   (no shield)
rNeg     + . .     Faith    .   b - +0 animal skin
rPois    ∞         Spirit   .   (no helmet)
rElec    +         Reflect  .   (no cloak)
rCorr    .         Harm     .   (no gloves)
MR       .....                  (no boots)
Stlth    ..........             m - amulet of inaccuracy (curse)
HPRegen  0.12/turn              j - +3 ring of dexterity
MPRegen  0.08/turn              (no ring)

@: berserking, very quick
A: negative energy resistance 1, electricity resistance, unbreathing,
petrification resistance, rot immunity, AC +3
a: Berserk, Renounce Religion


You were on level 3 of the Dungeon.
You worshipped Trog.
Trog was aware of your devotion.
You were hungry.

You visited 1 branch of the dungeon, and saw 3 of its levels.

You collected 47 gold pieces.

Inventory:

Hand Weapons
 a - a +0 hand axe (weapon)
Armour
 b - a +0 animal skin (worn)
Jewellery
 j - a +3 ring of dexterity (left hand)
 m - a cursed amulet of inaccuracy (around neck)
Scrolls
 e - a scroll of enchant armour {unknown}
 f - a scroll of identify {unknown}
 h - a scroll of amnesia {unknown}
 i - 4 scrolls of teleportation {unknown}
 k - a scroll of random uselessness {unknown}
 p - a scroll of remove curse {unknown}
Potions
 d - a potion of invisibility {unknown}
 g - 2 potions of brilliance {unknown}
 n - 2 potions of haste {unknown}
 o - a potion of curing {unknown}
Comestibles
 c - 3 rations


   Skills:
 + Level 3.8 Fighting
 + Level 3.1 Axes
 + Level 2.8 Armour
 + Level 2.1 Dodging


You had 2 spell levels left.
You didn't know any spells.
Your spell library was empty.

Dungeon Overview and Level Annotations

Branches:
Dungeon (3/15)

Altars:
Okawaru
Zin
The Shining One

Annotations:
D:3 Sigmund


Innate Abilities, Weirdness & Mutations

You are resistant to torment.
Your stone body is resilient. (AC +3)
You are immune to poison.
You resist negative energy. (rN+)
You are resistant to electric shocks. (rElec)
You can survive without breathing.
You are immune to petrification.
You are immune to rotting.


Message History

You slash the rat!
You kill the rat!
Trog accepts your kill.
You hear some strange, mumbled words.
A puff of flame appears from out of thin air!
The puff of flame hits you!
* * * LOW HITPOINT WARNING * * *
The adder barely misses you.
Found a ruby potion.
You slash the adder!
The adder is severely wounded.
You barely miss something. The adder misses you.
Something hits you but does no damage.
You completely miss the adder.
The adder is severely wounded.
You miss something. The adder bites you but does no damage.
You closely miss the adder.
The adder is severely wounded.
You miss something. The adder bites you.
You die...

....# ....# ....#
....# ###### ....#
...... ###.# #......
#.# .......
#.#############{......
#..†..........@SJ.....
################......
..... ...! ... .. #


You could see an ooze and an adder.

Vanquished Creatures
  An adder (D:2)
  A gnoll (D:1)
  A worm (D:2)
  3 bats
  5 giant cockroaches
  4 goblins
  3 hobgoblins
  A quokka (D:2)
  A frilled lizard (D:1)
  5 kobolds
  3 rats
28 creatures vanquished.

Notes
Turn   | Place    | Note
-------+----------+-------------------------------------------
     0 | D:1      | Fang the Gargoyle Berserker began the quest for the Orb.
     0 | D:1      | Reached XP level 1. HP: 14/14 MP: 1/1
   127 | D:1      | Reached XP level 2. HP: 17/19 MP: 2/2
   660 | D:2      | Reached XP level 3. HP: 23/23 MP: 3/3
  1192 | D:2      | Found an iron altar of Okawaru.
  1364 | D:2      | Found a glowing golden altar of the Shining One.
  1368 | D:2      | Found a glowing silver altar of Zin.
  1574 | D:3      | Noticed Sigmund
  1583 | D:3      | HP: 1/36 [something/puff of flame (10)]
  1587 | D:3      | Slain by an adder

Skill      XL: |  1  2  3 |
---------------+----------+-----
Axes           | 3 |  3.1
Dodging        | 2 |  2.1
Fighting       | |  3.8
Armour         | |  2.8

Action                   || total
-------------------------++-------
Melee: Hand axe          ||   101
Invok: Berserk           ||     2
  Eat: Chunk             ||     3
Armor: Animal skin       ||    32
Dodge: Dodged            ||    68
